 Dungeon Crawl Stone Soup version 0.31.0-32-g396128a36d (webtiles) character file.

Game seed: 10706169490733127731

93 Jinxx the Chiller (level 4, -1/31 HPs)
             Began as a Demonspawn Ice Elementalist on Apr 7, 2024.
             Was an Initiate of Qazlal.
             Killed from afar by Grinder (3 damage)
             ... with a puff of flame
             ... on level 3 of the Dungeon.
             The game lasted 00:05:32 (2028 turns).

Jinxx the Chiller (Demonspawn Ice Elementalist)     Turns: 2028, Time: 00:05:32

Health: -1/31      AC:  5    Str:  8    XL:     4   Next: 36%
Magic:  0/7        EV: 11    Int: 18    God:    Qazlal [......]
Gold:   114        SH:  0    Dex: 13    Spells: 6/7 levels left

rFire   + . .        f - +0 sling
rCold   x . .        (no shield)
rNeg    + . .        e - +0 leather armour
rPois   .            (no helmet)
rElec   .            o - +0 cloak
rCorr   .            r - +0 pair of gloves
SInv    .            (no boots)
Will    .....        (no amulet)
Stlth   ++           i - ring of fire
HPRegen 0.25/turn    u - ring of positive energy
MPRegen 0.20/turn

%: no passive effects
@: brilliant, hasted, very quick
A: magic regeneration
a: Renounce Religion


You were on level 3 of the Dungeon.
You worshipped Qazlal.
Qazlal was noncommittal.
You visited 1 branch of the dungeon, and saw 3 of its levels.

You collected 114 gold pieces.

Inventory:

Hand Weapons
 f - a +0 sling (weapon)
Armour
 a - a +0 robe
 e - a +0 leather armour (worn)
 o - a +0 cloak (worn)
 r - a +0 pair of gloves (worn)
Jewellery
 i - a ring of fire (left hand)
 s - a ring of protection from fire
 u - a ring of positive energy (right hand)
Scrolls
 c - a scroll of blinking {unknown}
 h - 2 scrolls of vulnerability {unknown}
 j - a scroll of identify {unknown}
 k - a scroll of immolation {unknown}
 l - a scroll of noise {unknown}
 p - a scroll of acquirement {unknown}
 q - a scroll of fear {unknown}
Potions
 b - a potion of magic
 d - a potion of brilliance
 g - a potion of resistance {unknown}
 m - a potion of haste
 n - a potion of mutation {unknown}
 t - a potion of degeneration {unknown}


   Skills:
 * Level 0.4 Fighting
 + Level 0.3 Axes
 * Level 2.0 Ranged Weapons
 * Level 0.6 Armour
 * Level 2.1 Dodging
 + Level 1.9 Stealth
 * Level 2.4 Spellcasting
 * Level 4.0 Ice Magic


You had 6 spell levels left.
You knew the following spells:

 Your Spells              Type           Power      Damage    Failure   Level
a - Freeze                Ice            100%       1d10      4%          1

Your spell library contained the following spells:

 Spells                   Type           Power      Damage    Failure   Level
 Frozen Ramparts          Ice            50%        1d8       14%         3
 Ozocubu's Armour         Ice            25%        N/A       14%         3
 Summon Ice Beast         Ice/Summ       14%        N/A       32%         3
 Olgreb's Toxic Radiance  Alch           3%         N/A       94%         4
 Ozocubu's Refrigeration  Ice            12%        4d10      100%        7
 Discord                  Hex            1%         N/A       100%        8


Dungeon Overview and Level Annotations

Branches:
Dungeon (3/15)

Altars:
Nemelex Xobeh
Qazlal

Annotations:
D:3 Grinder


Innate Abilities, Weirdness & Mutations

You regenerate magic rapidly.


Message History

Grinder is lightly wounded.
Grinder barely misses you.
Unknown command.
It was a potion of haste.
You feel yourself speed up.
Grinder zaps a wand.
The puff of flame misses you.
It was a potion of brilliance.
You feel clever all of a sudden. Grinder gestures at you.
You suddenly lose the ability to move!
Grinder hits you but does no damage.
Grinder says, "What is the universe for?"
Grinder zaps a wand.
The puff of flame hits you. You resist.
* * * LOW HITPOINT WARNING * * *
Grinder gestures at you. You resist with significant effort. Grinder hits you.
* * * LOW HITPOINT WARNING * * *
Grinder blinks!
You can move again.
Aiming: Freeze (safe; 4% risk of failure)
Press: ? - help, Q - select action, (/) - cycle Shift-Dir - straight line, f/p - Grinder
Aim: Grinder, carrying a wand of flame (lightly wounded)
You feel a surge of power!
You freeze Grinder but do no damage.
Grinder completely resists.
Unknown command.
Aiming: Freeze (safe; 4% risk of failure)
Press: ? - help, Q - select action, (/) - cycle Shift-Dir - straight line, f/p - Grinder
Aim: Grinder, carrying a wand of flame (lightly wounded)
You feel a surge of power!
You freeze Grinder.
Grinder resists.
Grinder is lightly wounded.
Grinder says, "Wait up."
Grinder hits you.
* * * LOW HITPOINT WARNING * * *
You are too injured to fight recklessly!
You are too injured to fight recklessly!
You shoot a sling bullet. The sling bullet barely misses Grinder.
Grinder blinks!
Grinder zaps a wand.
The puff of flame hits you. You resist.
You die...
Grinder says, "Hey, I wasn't done torturing you yet!"

....#...# ####.# ....#...###
### #..... .#..#...#.# #..
..<....# .#..#...#.# #.#
#...$^.# >.......#.# #.# #..
...# ..#.##....# #.# #.# #..#
.....#..#.# #.###.###..## .
.#........###.§...#.....##[..
................@(†.........>
..)...........####.5...$..#
.......#..###.# #####..#.#
...)....... ..# .g#
.#.)#####...#.# .... ....#
......# ..... .##.# ......#
..(.... .##[# .......#
....... .##.# ####...


You could see Grinder.

Vanquished Creatures
  3 adders
  2 dart slugs
  A ribbon worm (D:2)
  3 orcs (D:3)
  7 ball pythons
  3 bats
  An endoplasm (D:2)
  3 giant cockroaches
  4 goblins
  4 hobgoblins
  6 jackals
  5 kobolds
  3 quokkas
  2 frilled lizards
  4 rats (D:1)
51 creatures vanquished.

Notes
Turn   | Place    | Note
-------+----------+-------------------------------------------
     0 | D:1      | Jinxx the Demonspawn Ice Elementalist began the quest for
                  | the Orb.
     0 | D:1      | Reached XP level 1. HP: 13/13 MP: 3/3
   289 | D:1      | Gained mutation: You regenerate magic rapidly. [demonic
                  | ancestry]
   289 | D:1      | Reached XP level 2. HP: 16/19 MP: 5/5
   466 | D:1      | Found a faded altar of an unknown god.
   501 | D:1      | Reached skill level 1 in Ranged Weapons
   743 | D:2      | Reached XP level 3. HP: 24/24 MP: 6/6
   840 | D:2      | Reached skill level 4 in Ice Magic
  1422 | D:2      | Reached XP level 4. HP: 14/30 MP: 5/7
  1919 | D:3      | Found a sparkling altar of Nemelex Xobeh.
  1921 | D:3      | Found a stormy altar of Qazlal.
  1929 | D:3      | Became a worshipper of Qazlal Stormbringer
  1987 | D:3      | Noticed Grinder
  1992 | D:3      | Paralysed by Grinder for 4 turns
  2019 | D:3      | Paralysed by Grinder for 5 turns
  2028 | D:3      | Killed from afar by Grinder

Illustrated notes

Levels and vault maps discovered:
D:1:      psy_arrival_whirlpool, layout_basic, nicolae_ecumenical_lake_church,
          minmay_misc_feat_secret_circle
D:2:      layout_loops_cross
D:3:      layout_basic, zin_angel, chequers_temple_overflow_statue_of_worship,
          nicolae_figureground_sparkle, uniq_grinder

Skill      XL: |  1  2  3  4 |
---------------+-------------+-----
Ranged Weapons | 1 2 |  2.0
Dodging        | 2 |  2.1
Ice Magic      | 4 |  4.0
Fighting       | |  0.4
Axes           | |  0.3
Armour         | |  0.6
Stealth        | |  1.9
Spellcasting   | |  2.4

Action                     |  1- 3 |  4- 6 || total
---------------------------+-------+-------++-------
  Melee: Hand axe          |     1 |       ||     1
         Unarmed           |     1 |       ||     1
   Fire: Sling             |   142 |    30 ||   172
   Cast: Freeze            |    20 |    19 ||    39
    Use: Potion            |       |     2 ||     2
 Armour: Leather armour    |    66 |    27 ||    93
  Dodge: Dodged            |    81 |    15 ||    96
